 Dungeon Crawl Stone Soup version 0.30.1-11-g7821555f0a (webtiles) character file.

Game seed: 9437745420014310275

5144 SacredBeard the Reanimator (level 10, 0/73 HPs)
             Began as a Demonspawn Necromancer on Nov 15, 2023.
             Slain by a shadow (29 damage)
             ... on level 10 of the Dungeon.
             The game lasted 00:26:55 (9831 turns).

SacredBeard the Reanimator (Demonspawn Necromancer) Turns: 9831, Time: 00:26:56

Health: 0/73       AC:  8    Str:  8    XL:     10   Next: 33%
Magic:  20/23      EV: 22    Int: 16    God:
Gold:   481        SH:  0    Dex: 21    Spells: 26/27 levels left

rFire   . . .        h - +3 short sword
rCold   . . .        (no shield)
rNeg    . . .        k - +0 leather armour
rPois   .            r - +2 helmet
rElec   .            (no cloak)
rCorr   .            v - +0 pair of gloves
SInv    .            s - +0 pair of boots
Will    .....        (no amulet)
Stlth   +++          K - +5 ring of evasion
HPRegen 0.32/turn    C - +5 ring of evasion
MPRegen 0.18/turn

%: no passive effects
@: no status effects
A: thin skeletal structure 1, powered by pain 2, spiny 1
a: no special abilities


You were on level 10 of the Dungeon.
You visited 1 branch of the dungeon, and saw 10 of its levels.

You collected 503 gold pieces.
You spent 22 gold pieces at shops.

Inventory:

Hand Weapons
 h - a +3 short sword (weapon)
 G - a +1 spear of venom
 L - a +1 dagger of speed
Missiles
 d - 77 stones
 g - 34 poisoned darts
 w - 8 boomerangs
 I - a curare-tipped dart
Armour
 k - a +0 leather armour (worn)
 r - a +2 helmet (worn)
 s - a +0 pair of boots (worn)
 v - a +0 pair of gloves (worn)
Jewellery
 y - a ring of flight
 C - a +5 ring of evasion (right hand)
 K - a +5 ring of evasion (left hand)
 M - a +5 ring of evasion
Wands
 u - a wand of roots (16)
 B - a wand of charming (11)
Scrolls
 e - 10 scrolls of identify
 f - 2 scrolls of enchant armour {unknown}
 j - 4 scrolls of noise {unknown}
 l - a scroll of silence {unknown}
 n - 7 scrolls of teleportation {unknown}
 t - a scroll of fear {unknown}
 x - a scroll of blinking {unknown}
 z - 2 scrolls of amnesia {unknown}
 E - a scroll of enchant weapon {unknown}
 F - a scroll of immolation {unknown}
Potions
 a - a potion of heal wounds {unknown}
 b - a potion of magic
 c - 6 potions of curing
 i - a potion of haste
 m - a potion of degeneration {unknown}
 o - a potion of invisibility {unknown}
 p - 3 potions of mutation {unknown}
 q - 2 potions of brilliance {unknown}
 A - a potion of attraction {unknown}
 D - 2 potions of flight {unknown}
 H - 2 potions of lignification {unknown}
 J - a potion of berserk rage {unknown}


   Skills:
 + Level 4.5 Fighting
 - Level 2.0 Throwing
 - Level 2.0 Armour
 - Level 2.0 Dodging
 - Level 3.0 Stealth
 * Level 9.2 Spellcasting
 * Level 11.2 Necromancy
 - Level 3.0 Evocations


You had 26 spell levels left.
You knew the following spells:

 Your Spells              Type           Power      Damage    Failure   Level
a - Necrotise             Necr           100%       1d9       1%          1

Your spell library contained the following spells:

 Spells                   Type           Power      Damage    Failure   Level
 Vampiric Draining        Necr           43%        2d9       1%          3
 Animate Dead             Necr           43%        N/A       1%          4
 Agony                    Necr           43%        N/A       3%          5
 Beastly Appendage        Tmut           14%        N/A       14%         1
 Foxfire                  Conj/Fire      28%        2x1d5     14%         1
 Wereblood                Tmut           7%         N/A       22%         2
 Ozocubu's Armour         Ice            7%         N/A       38%         3
 Spider Form              Tmut/Pois      7%         N/A       38%         3
 Passage of Golubria      Tloc           7%         N/A       80%         4
 Simulacrum               Ice/Necr       12%        N/A       91%         6
 Fireball                 Conj/Fire      3%         3d4       98%         5
 Metabolic Englaciation   Hex/Ice        3%         N/A       98%         5
 Silence                  Hex/Air        3%         N/A       98%         5
 Plasma Beam              Fire/Air       3%         2x1d15    100%        6
 Starburst                Conj/Fire      3%         6d3       100%        6
 Borgnjor's Revivificati  Necr           21%        N/A       100%        8
 Lehudib's Crystal Spear  Conj/Erth      3%         10d3      100%        8
 Necromutation            Tmut/Necr      12%        N/A       100%        8
 Death's Door             Necr           21%        N/A       100%        9


Dungeon Overview and Level Annotations

Branches:
Dungeon (10/15) Zot: 26929
 Temple: D:4-7         Lair: D:8-11         Orc: D:9-12

Altars:
Gozag
Hepliaklqana
Kikubaaqudgha

Shops:
D:3 ([![*   D:9 :

Annotations:
D:3 3 runed translucent doors, gasfasgas's ghost, weakling HOFi
D:4 3 runed translucent doors, otna's ghost, amateur DENe
D:6 Sigmund


Innate Abilities, Weirdness & Mutations

You have a somewhat thin skeletal structure. (Dex +2, Stealth+)
You sometimes gain power by taking damage.
You are partially covered in sharp spines.


Message History

You are too injured to fight recklessly!
You are too injured to fight recklessly!
You are too injured to fight recklessly!
You are too injured to fight recklessly!
Unknown command.
You are too injured to fight recklessly!
You are too injured to fight recklessly!
You are too injured to fight recklessly!
You hit the yak.
You kill the yak!
The yak is struck by your spines. The yak misses you.
The shadow slips into darkness.
The shadow flickers and vanishes!
Deactivating autopickup; reactivate with Ctrl-A.
You completely miss the yak.
The yak is severely wounded.
The yak is struck by your spines. The yak gores you.
The shadow strikes at you from the darkness!
Reactivating autopickup.
Casting: Necrotise (safe; 1% risk of failure)
Confirm with . or Enter, or press ? or * to list all spells.
Aiming: Necrotise (safe; 1% risk of failure)
Press: ? - help, Shift-Dir - straight line, f - yak
Aim: a yak (almost dead, chance to affect: 83%)
The yak writhes in agony.
The yak is struck by your spines.
You kill the yak!
The shadow hits you.
Unknown command.
You hit the shadow but do no damage. The shadow completely misses you.
You hit the shadow.
The shadow is moderately damaged.
The shadow misses you.
You barely miss the shadow.
The shadow is moderately damaged.
The shadow slips into darkness.
The shadow flickers and vanishes!
Deactivating autopickup; reactivate with Ctrl-A.
You hit something.
The shadow strikes at you from the darkness!
You die...

######+##
........#
......†.#
.......@#
.......†{...#
........#####
........#
!.......#
........#
...>....#
#########


There were no monsters in sight!

Vanquished Creatures
  A cyclops (D:7)
  Grinder (D:5)
  A dream sheep (D:8)
  A wyvern (D:9)
  3 yaks
  2 steam dragons
  5 water moccasins
  2 orc warriors (D:7)
  2 black bears
  A sky beast (D:8)
  3 centaurs
  2 kobold brigands
  Blork the orc (D:5)
  3 bullfrogs (D:8)
  A gnoll sergeant (D:7)
  4 scorpions
  8 killer bees
  2 howler monkeys (D:7)
  4 orc priests
  3 hounds
  A jelly (D:6)
  3 gnoll boudas
  A sleepcap (D:6)
  An iguana (D:4)
  7 orc wizards
  Robin (D:3)
  9 gnolls
  6 adders
  A white imp (D:8)
  3 ufetubi
  2 worms
  2 dart slugs
  30 orcs
  10 endoplasms
  2 giant cockroaches
  23 goblins
  13 hobgoblins
  7 jackals
  14 kobolds
  3 quokkas
  8 ball pythons
  5 bats
  4 frilled lizards
  5 rats
211 creatures vanquished.

Vanquished Creatures (collateral kills)
  A dream sheep (D:8)
  An ice beast (D:7)
  An iguana (D:4)
  A hobgoblin (D:1)
  2 frilled lizards (D:1)
6 creatures vanquished.

Vanquished Creatures (others)
  An orc wizard (D:9)
1 creature vanquished.

Grand Total: 218 creatures vanquished

Notes
Turn   | Place    | Note
-------+----------+-------------------------------------------
     0 | D:1      | SacredBeard the Demonspawn Necromancer began the quest for
                  | the Orb.
     0 | D:1      | Reached XP level 1. HP: 13/13 MP: 3/3
   161 | D:1      | Gained mutation: You have a somewhat thin skeletal
                  | structure. (Dex +2, Stealth+) [demonic ancestry]
   161 | D:1      | Reached XP level 2. HP: 15/19 MP: 1/5
   523 | D:1      | Found a faded altar of an unknown god.
   684 | D:1      | Gained mutation: You are partially covered in sharp spines.
                  | [demonic ancestry]
   684 | D:1      | Reached XP level 3. HP: 25/25 MP: 4/6
  1115 | D:2      | Reached skill level 1 in Fighting
  1115 | D:2      | Gained mutation: You sometimes gain a little power by
                  | taking damage. [demonic ancestry]
  1115 | D:2      | Reached XP level 4. HP: 30/32 MP: 3/8
  1172 | D:2      | Reached skill level 1 in Armour
  1172 | D:2      | Reached skill level 5 in Necromancy
  2209 | D:3      | Found a runed translucent gate.
  2210 | D:3      | Found a runed translucent gate.
  2211 | D:3      | Found a runed translucent gate.
  2211 | D:3      | Noticed gasfasgas's ghost (weakling HOFi)
  2232 | D:3      | Noticed a kobold brigand
  2455 | D:3      | Found Jiuwo's Armour Shop.
  2541 | D:3      | Reached XP level 5. HP: 34/37 MP: 1/9
  2665 | D:3      | Found Cufor's Antique Weapon Boutique.
  2882 | D:3      | Found Quihamiu's Distillery.
  2887 | D:3      | Noticed Robin
  2901 | D:3      | Killed Robin
  3041 | D:3      | Found Vyts's General Store.
  3045 | D:3      | Bought a scroll of identify for 22 gold pieces
  3054 | D:3      | Found Wouplal's Antique Armour Shoppe.
  3368 | D:4      | Noticed a black bear
  3391 | D:4      | Killed a black bear
  3392 | D:4      | Reached XP level 6. HP: 16/44 MP: 3/11
  3742 | D:4      | Reached skill level 6 in Necromancy
  3901 | D:4      | Found a runed translucent gate.
  3901 | D:4      | Found a runed translucent gate.
  3901 | D:4      | Found a runed translucent gate.
  3955 | D:4      | Noticed an orc warrior
  3958 | D:4      | Noticed otna's ghost (amateur DENe)
  4096 | D:4      | Reached XP level 7. HP: 51/51 MP: 1/13
  4397 | D:5      | Entered Level 5 of the Dungeon
  4404 | D:5      | Noticed Grinder
  4417 | D:4      | Reached skill level 1 in Throwing
  4611 | D:5      | Found a sand-covered staircase.
  4641 | D:5      | Noticed Blork the orc
  4655 | D:5      | Killed Blork the orc
  4889 | D:6      | Reached skill level 5 in Spellcasting
  4889 | D:6      | Reached skill level 7 in Necromancy
  5044 | D:5      | Reached XP level 8. HP: 57/58 MP: 8/15
  5048 | D:5      | Reached skill level 1 in Evocations
  5199 | D:5      | Paralysed by Grinder for 3 turns
  5213 | D:5      | Paralysed by Grinder for 3 turns
  5221 | D:5      | Killed Grinder
  5222 | D:5      | Reached skill level 8 in Necromancy
  5642 | D:6      | Noticed Sigmund
  6023 | D:7      | Found a hazy altar of Hepliaklqana.
  6733 | D:7      | Noticed a cyclops
  6768 | D:7      | Killed a cyclops
  6769 | D:7      | Reached skill level 9 in Necromancy
  6769 | D:7      | Gained mutation: You sometimes gain power by taking damage.
                  | [demonic ancestry]
  6769 | D:7      | Reached XP level 9. HP: 44/63 MP: 13/19
  7472 | D:8      | Reached skill level 10 in Necromancy
  7506 | D:8      | Found an opulent altar of Gozag.
  8834 | D:9      | Reached XP level 10. HP: 62/71 MP: 16/22
  9043 | D:9      | Found an ancient bone altar of Kikubaaqudgha.
  9138 | D:9      | Found Daophuwk's Vocational Training.
  9594 | D:8      | Reached skill level 11 in Necromancy
  9762 | D:10     | Entered Level 10 of the Dungeon
  9831 | D:10     | Slain by a shadow

Illustrated notes

Levels and vault maps discovered:
D:1:      eino_arrival_water_cross, layout_loops_cross,
          hellmonk_ecumenical_altar_prayer_group
D:2:      layout_basic
D:3:      layout_loops_corners, gammafunk_ghost_nasty_kobolds, serial_shops,
          shop, shop_statue, nicolae_shop_behind_doors,
          nicolae_shop_window_shopping, shop, chequers_serial_rivers_micro_d,
          hex_tiny, grunt_ministairs_3, uniq_robin
D:4:      layout_cave_pools, gammafunk_ghost_split, nicolae_grassy_gnolls
D:5:      layout_rooms, nicolae_ossuary_entry_false_entrances, uniq_grinder,
          uniq_blork_the_orc
D:6:      wander_river, layout_rooms, minmay_temple_entry_mini_moons,
          uniq_duvessa, uniq_sigmund, uniq_pikel
D:7:      cheibrodos_barr_body, layout_basic, worldfamousw_hep_ancestral_shrine
D:8:      layout_basic, grunt_gozag_breadcrumbs, dreamdust_gnoll_shepherd
D:9:      layout_roguey, lemuel_round_altar, minmay_misc_feat_tower,
          nicolae_shop_vocational
D:10:     layout_roguey, hellmonk_lair_entry_icy, feat_on_display

Skill      XL: |  1  2  3  4  5  6  7  8  9 10 |
---------------+-------------------------------+-----
Stealth        | 2 3 |  3.0
Dodging        | 2 |  2.0
Fighting       | 1 2 3 4 |  4.5
Armour         | 1 2 |  2.0
Necromancy     | 5 6 7 9 10 11 | 11.2
Spellcasting   | 3 4 5 7 8 9 |  9.2
Throwing       | 2 |  2.0
Evocations     | 3 |  3.0

Action                     |  1- 3 |  4- 6 |  7- 9 | 10-12 || total
---------------------------+-------+-------+-------+-------++-------
  Melee: Unarmed           |     6 |       |       |       ||     6
         Short sword       |    26 |    34 |    56 |    10 ||   126
  Throw: Dart              |       |       |     6 |       ||     6
         Stone             |       |       |    10 |     4 ||    14
   Cast: Necrotise         |    45 |   148 |   248 |    74 ||   515
  Evoke: Wand              |       |       |     1 |       ||     1
    Use: Scroll            |       |     2 |       |       ||     2
         Potion            |       |       |     1 |       ||     1
   Stab: Distracted        |       |     1 |       |       ||     1
         Sleeping          |       |       |     1 |       ||     1
 Armour: Robe              |     2 |       |       |       ||     2
         Leather armour    |       |    12 |    54 |    11 ||    77
  Dodge: Dodged            |    22 |    35 |   150 |    47 ||   254
